 Dungeon Crawl Stone Soup version 0.25.0-1-g7eea58d2a3 (webtiles) character file.

Game seed: 14634679024672536110

4525 mortelune the Cleaver (level 10, -16/65 HPs)
             Began as a Gargoyle Fighter on June 14, 2020.
             Was an Elder of Okawaru.
             Demolished by a two-headed ogre
             ... wielding a cursed +0 giant spiked club
              (24 damage)
             ... on level 9 of the Dungeon.
             The game lasted 00:15:58 (12482 turns).

mortelune the Cleaver (Gargoyle Fighter)           Turns: 12482, Time: 00:15:58

Health: -16/65     AC: 16    Str: 24    XL:     10   Next: 39%
Magic:  10/12      EV: 12    Int:  8    God:    Okawaru [****..]
Gold:   472        SH:  0    Dex:  9    Spells: 9/9 levels left

rFire    . . .     SeeInvis +   a - +1 war axe
rCold    . . .     Gourm    .   (no shield)
rNeg     + . .     Faith    .   n - +0 scale mail
rPois    ∞         Spirit   .   (no helmet)
rElec    +         Reflect  .   (no cloak)
rCorr    .         Harm     .   (no gloves)
MR       .....                  (no boots)
Stlth    +.........             (no amulet)
HPRegen  0.20/turn              s - ring of flight
MPRegen  0.13/turn              S - ring of see invisible

@: heroism
A: negative energy resistance 1, electricity resistance, unbreathing,
petrification resistance, rot immunity, AC +7
a: Heroism, Renounce Religion, Evoke Flight


You were on level 9 of the Dungeon.
You worshipped Okawaru.
Okawaru was greatly pleased with you.
You were not hungry.

You visited 1 branch of the dungeon, and saw 9 of its levels.

You collected 472 gold pieces.

Inventory:

Hand Weapons
 a - a +1 war axe (weapon)
 b - a +2 vorpal hunting sling
Missiles
 p - 47 sling bullets
 r - 8 boomerangs (quivered)
 Q - 18 stones
Armour
 c - a +1 kite shield
 n - a +0 scale mail (worn)
 C - a +0 pair of gloves
Jewellery
 s - a ring of flight (left hand)
 S - a ring of see invisible (right hand)
Wands
 d - a wand of disintegration (4)
 q - a wand of flame (13)
 y - a wand of polymorph (15)
 z - a wand of enslavement (17)
 F - a wand of clouds (4)
Scrolls
 e - 3 scrolls of enchant armour
 i - a scroll of identify
 k - 2 scrolls of enchant weapon
 l - 5 scrolls of remove curse
 o - a scroll of amnesia
 t - 5 scrolls of teleportation
Potions
 g - a potion of resistance
 h - a potion of magic
 j - 4 potions of heal wounds
 m - 3 potions of haste
 u - a potion of flight
 v - a potion of lignification
 w - a potion of invisibility
 x - 2 potions of degeneration {unknown}
 A - a potion of brilliance
 B - a potion of ambrosia {unknown}
 D - a potion of mutation {unknown}
 E - 2 potions of curing {unknown}
Miscellaneous
 G - a lightning rod (3/4)
Comestibles
 f - 18 rations


   Skills:
 + Level 8.6(13.6) Fighting
 * Level 9.6(14.6) Axes
 + Level 8.6(13.6) Armour
 - Level 3.2(8.2) Shields
 + Level 3.2 Invocations


You had 9 spell levels left.
You didn't know any spells.
Your spell library contained the following spells:

 Spells                   Type           Power        Failure   Level  Hunger
 Shock                    Conj/Air       #...         63%         1    ##.....
 Swiftness                Chrm/Air       #.......     77%         2    ###....
 Static Discharge         Conj/Air       #.......     94%         3    ####...
 Airstrike                Air            #.........   100%        4    #####..
 Lightning Bolt           Conj/Air       #.........   100%        5    ######.


Dungeon Overview and Level Annotations

Branches:
Dungeon (9/15)             Temple (0/1) D:5            Lair (0/6) D:8
    Orc: D:9-12

Altars:
Cheibriados
Okawaru

Shops:
D:4 }   D:5 }

Annotations:
D:4 3 runed translucent doors, Zleub's ghost, amateur MfSk


Innate Abilities, Weirdness & Mutations

You are resistant to torment.
Your stone body is resilient. (AC +7)
You are immune to poison.
You resist negative energy. (rN+)
You are resistant to electric shocks. (rElec)
You can survive without breathing.
You are immune to petrification.
You are immune to rotting.


Message History

The two-headed ogre completely misses you.
You slash the two-headed ogre!
The two-headed ogre is almost dead.
The two-headed ogre hits you with a cursed +0 giant spiked club!!
* * * LOW HITPOINT WARNING * * *
The two-headed ogre barely misses you.
You gain the combat prowess of a mighty hero.
You hit the two-headed ogre.
The two-headed ogre is almost dead.
The two-headed ogre closely misses you.
The two-headed ogre hits you with a cursed -2 giant spiked club!
* * * LOW HITPOINT WARNING * * *
Okay, then.
Evoke which item? (* to show all) (? for menu, Esc to quit)
Aiming: Disintegrate
Press: ? - help, Shift-Dir - straight line, f/p - two-headed ogre
Aim: a two-headed ogre, wielding a +0 giant spiked club and a -2 giant spiked club (almost dead, chance to defeat MR: 48%)
The two-headed ogre resists with some effort.
The two-headed ogre hits you with a cursed +0 giant spiked club!!
You die...

#...... ##......
######.O..... #
####..##........ #.
##.....#......... ...###
#................
......##................
........................
.......@O...............
..................#....#
.......##<............##
....... #.............#
............#####......#
.............. #.......
.....................#..
......#.##...........#..
.#........


You could see a two-headed ogre.

Vanquished Creatures
  Harold (D:6)
  Pikel (D:5)
  Joseph (D:8)
  A komodo dragon (D:8)
  2 hippogriffs
  2 hungry ghosts
  Duvessa (D:5)
  An ice beast (D:7)
  3 ogres
  A centaur (D:7)
  2 big kobolds
  2 bullfrogs
  A gnoll sergeant (D:7)
  Dowan (D:5)
  2 scorpions (D:6)
  A howler monkey (D:8)
  A crimson imp (D:7)
  4 hounds
  2 jellies
  2 centaur skeletons
  3 orc priests
  2 orc wizards
  2 gnoll shamans (D:8)
  4 iguanas
  5 worker ants
  A hound zombie (D:8)
  A mummy (D:7)
  A worker ant zombie (D:9)
  17 gnolls
  12 adders
  A shadow imp (D:7)
  2 oozes
  2 adder zombies
  A worm (D:4)
  3 dart slugs
  3 leopard geckos
  20 orcs
  5 giant cockroaches
  7 goblins
  9 hobgoblins
  7 jackals
  4 quokkas
  2 ball pythons
  10 bats
  3 frilled lizards
  A jackal skeleton (D:5)
  13 kobolds
  A leopard gecko skeleton (D:8)
  5 rats
  A butterfly (D:5)
  A plant (D:8)
181 creatures vanquished.

Vanquished Creatures (others)
  15 plants (D:8)
15 creatures vanquished.

Grand Total: 196 creatures vanquished

Notes
Turn   | Place    | Note
-------+----------+-------------------------------------------
     0 | D:1      | mortelune the Gargoyle Fighter began the quest for the Orb.
     0 | D:1      | Reached XP level 1. HP: 14/14 MP: 1/1
   143 | D:1      | Reached skill level 2 in Axes
   267 | D:1      | Reached XP level 2. HP: 19/19 MP: 2/2
   905 | D:2      | Found an iron altar of Okawaru.
   944 | D:2      | Reached XP level 3. HP: 20/24 MP: 3/3
  1270 | D:2      | Became a worshipper of Warmaster Okawaru
  1463 | D:2      | Reached skill level 3 in Axes
  1464 | D:2      | Reached XP level 4. HP: 25/29 MP: 4/4
  2660 | D:3      | Reached XP level 5. HP: 33/33 MP: 5/5
  3657 | D:3      | Reached skill level 4 in Axes
  4064 | D:4      | Found Ruiwkecu's Gadget Boutique.
  4586 | D:4      | Reached XP level 6. HP: 21/39 MP: 6/6
  5123 | D:5      | Entered Level 5 of the Dungeon
  5196 | D:5      | Noticed Duvessa
  5196 | D:5      | Noticed Dowan
  5286 | D:4      | Found a runed translucent gate.
  5287 | D:4      | Found a runed translucent gate.
  5288 | D:4      | Found a runed translucent gate.
  5441 | D:4      | Noticed Zleub's ghost (amateur MfSk)
  5456 | D:5      | Reached * piety under Okawaru
  5456 | D:5      | Reached skill level 5 in Fighting
  5476 | D:5      | Reached skill level 5 in Armour
  5476 | D:5      | Reached XP level 7. HP: 34/44 MP: 7/7
  5737 | D:5      | Killed Dowan
  5737 | D:5      | Reached skill level 5 in Axes
  5751 | D:5      | Killed Duvessa
  6163 | D:5      | Found Eduezev's Gadget Shoppe.
  6196 | D:5      | Found a staircase to the Ecumenical Temple.
  7043 | D:4      | Noticed Pikel
  7441 | D:5      | Killed Pikel
  7441 | D:5      | Reached skill level 6 in Axes
  7441 | D:5      | Reached XP level 8. HP: 39/51 MP: 8/8
  7743 | D:6      | Reached skill level 7 in Axes
  8309 | D:7      | Found a snail-covered altar of Cheibriados.
  8529 | D:7      | Noticed Harold
  8779 | D:7      | Reached XP level 9. HP: 56/56 MP: 9/9
  8971 | D:6      | Killed Harold
  8971 | D:6      | Reached ** piety under Okawaru
  8971 | D:6      | Reached skill level 8 in Axes
  9222 | D:7      | Reached *** piety under Okawaru
  9591 | D:8      | Found a staircase to the Lair.
  9591 | D:8      | Noticed a komodo dragon
 10026 | D:8      | Noticed Joseph
 10039 | D:8      | Reached skill level 1 in Invocations
 10048 | D:8      | Killed Joseph
 10048 | D:8      | Reached skill level 9 in Axes
 10048 | D:8      | Reached XP level 10. HP: 27/64 MP: 8/11
 11395 | D:8      | Reached **** piety under Okawaru
 12462 | D:9      | Noticed a two-headed ogre
 12482 | D:9      | Demolished by a two-headed ogre

Illustrated notes

Levels and vault maps discovered:
D:1:      sevenhm_arrival_forest_fort_small_5, layout_loops_ring
D:2:      layout_loops_ring, first_ration, okawaru_gym_becter
D:3:      layout_loops_corners, minmay_fractal_squares_gapless_5
D:4:      layout_rooms, gammafunk_ghost_icy, serial_shops, nicolae_shop_stone,
          uniq_pikel
D:5:      layout_basic, minmay_temple_entry_butterflies, serial_shops,
          shop_coins, uniq_duvessa
D:6:      layout_rooms
D:7:      layout_loops_cross, slow_altar_1, uniq_harold
D:8:      layout_layer_cave, david_lair_shrubbed, blue_anna_alchemist
          [blue_anna_fruit_fields, blue_anna_fruit_fields], uniq_joseph
D:9:      layout_cave_pools, serial_shops, shop

Skill      XL: |  1  2  3  4  5  6  7  8  9 10 |
---------------+-------------------------------+-----
Axes           | 2 3 4 6 7 9 |  9.6
Fighting       | 4 5 6 8 |  8.6
Armour         | 4 5 6 8 |  8.6
Invocations    | 2 3 |  3.2
Shields        | |  3.2

Action                   |  1- 3 |  4- 6 |  7- 9 | 10-12 || total
-------------------------+-------+-------+-------+-------++-------
Melee: War axe           |   116 |   220 |   308 |   109 ||   753
 Fire: Hunting sling     |       |       |       |    14 ||    14
Throw: Boomerang         |       |       |     8 |       ||     8
Invok: Heroism           |       |       |     2 |     1 ||     3
Evoke: Wand              |       |       |     2 |     3 ||     5
       Lightning rod     |       |       |       |     1 ||     1
  Use: Potion            |       |       |     1 |       ||     1
       Scroll            |       |       |    16 |       ||    16
  Eat: Chunk             |     2 |    10 |     7 |     5 ||    24
       Ration            |       |     1 |     2 |     2 ||     5
Armor: Scale mail        |    54 |   126 |   124 |    77 ||   381
Dodge: Dodged            |    31 |    93 |    75 |    43 ||   242
Block: Kite shield       |    59 |   141 |   165 |    37 ||   402
